 Dungeon Sprint DCSS version 0.22-a0-388-g09e6169d0a (webtiles) character file.

44163 Cashmere the Wrestler (level 13, -5/135 HPs)
             Began as a Troll Berserker on Apr 30, 2018.
             Was the Champion of Trog.
             Slain by a tengu reaver
             ... wielding a +2 battleaxe of chopping
              (6 damage)
             ... in the Dungeon (Sprint IX: "|||||||||||||||||||||||||||||").
             The game lasted 00:09:18 (2502 turns).

Cashmere the Wrestler (Troll Berserker)             Turns: 2502, Time: 00:09:19

Health: -5/135     AC: 17    Str: 28    XL:     13   Next: 94%
Magic:  12/12      EV: 11    Int:  7    God:    Trog [******]
Gold:   1051       SH:  0    Dex: 12    Spells: 12/12 levels left

rFire    . . .     SeeInvis .     - Unarmed
rCold    . . .     Gourm    +   (no shield)
rNeg     . . .     Faith    .   o - +0 shadow dragon scales
rPois    +         Spirit   .   (helmet restricted)
rElec    .         Reflect  .   A - +0 cloak
rCorr    .         Harm     .   (gloves unavailable)
MR       ++...     NoTele   +   (boots unavailable)
Stlth    ++........             (no amulet)
HPRegen  1.72/turn              l - +3 ring of intelligence
MPRegen  0.13/turn              C - ring of poison resistance

@: berserk cooldown, regenerating, slowed, very slow
A: large, unfitting armour, claws 3, fast metabolism 3, gourmand, regeneration
1, shaggy fur 1, tough skin 2
a: Berserk, Trog's Hand, Brothers in Arms, Renounce Religion


You were in the Dungeon.
You worshipped Trog.
Trog was exalted by your worship.
You were not hungry.

You visited 1 branch You collected 1934 gold pieces.
You spent 883 gold pieces at shops.

Inventory:

Hand Weapons
 E - a +2 longbow of freezing
Missiles
 n - 26 poisoned javelins
 p - 9 javelins of returning
 v - 10 large rocks (quivered)
 F - 5 javelins of penetration
 H - 11 javelins
Armour
 a - a +0 animal skin
 o - +0 shadow dragon scales (worn)
 A - a +0 cloak (worn)
Jewellery
 l - a +3 ring of intelligence (left claw)
 m - a +3 ring of intelligence
 B - an uncursed ring of fire
 C - a ring of poison resistance (right claw)
 D - an uncursed ring of fire
Wands
 k - a wand of iceblast (10)
Scrolls
 h - 4 scrolls of blinking
 j - 7 scrolls of remove curse
 s - 3 scrolls of enchant armour
 t - a scroll of fear
 u - a scroll of fog
 w - a scroll of magic mapping {unknown}
 y - 2 scrolls of identify
Potions
 c - 10 potions of curing
 d - 7 potions of heal wounds
 e - 3 potions of haste
 f - 4 potions of magic
 g - 2 potions of berserk rage
 i - a potion of invisibility
 q - 4 potions of might
 x - a potion of mutation {unknown}
 z - a potion of flight {unknown}
Miscellaneous
 r - a lightning rod (4/4)
Comestibles
 b - 12 rations


   Skills:
 + Level 10.6 Fighting
 * Level 21.1 Throwing
 + Level 7.1 Armour
 - Level 10.1 Dodging
 + Level 21.9 Unarmed Combat


You had 12 spell levels left.
You didn't know any spells.

Dungeon Overview and Level Annotations

Branches:
Dungeon (1/1)

Altars:
Cheibriados
Dithmenos
Elyvilon
Fedhas
Gozag
Hepliaklqana
Kikubaaqudgha
Makhleb
Nemelex Xobeh
Okawaru
Qazlal
Ru
Sif Muna
Trog
Uskayaw
Vehumet
Wu Jian
Xom
Yredelemnul
Zin
The Shining One
Beogh
Jiyva
Lugonu

Shops:
D *[*=


Innate Abilities, Weirdness & Mutations

You are too large for most types of armour.
You have claws for hands.
Your metabolism is lightning-fast.
You like to eat raw meat.
Your natural rate of healing is unusually fast.
You are covered in fur. (AC +1)
You have very tough skin. (AC +2)


Message History

You feel somewhat more hungry.
The tengu reaver hits you with a battleaxe of chopping!
* * * LOW HITPOINT WARNING * * *
x2 The tengu reaver pecks you but does no damage.
The tengu reaver claws you but does no damage.
The tengu reaver hits you with a battleaxe of chopping.
* * * LOW HITPOINT WARNING * * *
x2 The tengu reaver pecks you.
* * * LOW HITPOINT WARNING * * *
The tengu reaver claws you but does no damage.
You closely miss the tengu reaver. Your claw misses the tengu reaver.
The tengu reaver is moderately wounded.
Unknown command.
You closely miss the tengu reaver.
The tengu reaver is moderately wounded.
The battlesphere dissipates.
The tengu reaver hits you with a battleaxe of chopping!
* * * LOW HITPOINT WARNING * * *
x2 The tengu reaver pecks you.
You die...

▓▓▓▓▓▓▓▓▓▓▓▓▓▓▓▓▓▓▓▓▓▓▓▓▓
▓...........@Q§JC))(...Q.
▓.▓▓▓▓▓▓▓▓▓▓▓▓▓▓▓▓▓▓▓▓▓▓▓▓▓▓▓
▓............................
▓▓▓▓▓▓▓▓▓▓▓▓▓▓▓▓♣♣♣♣♣♣♣♣♣♣▓▓▓
▓..............[)..††....)÷))
▓.▓▓▓▓▓▓▓▓▓▓▓▓▓▓♣♣♣♣♣♣♣♣♣♣▓▓▓
▓............))..............
▓▓▓▓▓▓▓▓▓▓▓▓▓▓▓▓▓▓▓▓▓▓▓▓▓▓▓▓▓
▓.........'=....)))))))).[[[[


You could see a tengu reaver, an ettin and a slime creature.

Vanquished Creatures
  Saint Roka (D)
  2 fire giants (D)
  A stone giant (D)
  A vampire knight (D)
  2 dire elephants (D)
  A merfolk javelineer (D)
  An ettin (D)
  A merfolk impaler (D)
  2 great orbs of eyes (D)
  A rakshasa (D)
  An ogre mage (D)
  A hydra (D)
  An ice dragon (D)
  An anaconda (D)
  A two-headed ogre (D)
  2 alligators (D)
  2 centaur warriors (D)
  A tengu warrior (D)
  A deep troll earth mage (D)
  2 orc high priests (D)
  Sonja (D)
  A shock serpent (D)
  2 sea snakes (D)
  A spriggan druid (D)
  3 swamp dragons (D)
  A harpy (D)
  4 orc knights (D)
  An ugly thing (D)
  2 wolf spiders (D)
  An orc sorcerer (D)
  A manticore (D)
  6 elephants (D)
  A guardian serpent (D)
  Joseph (D)
  A black mamba (D)
  A spiny frog (D)
  3 komodo dragons (D)
  A rime drake (D)
  A yaktaur (D)
  2 demonic crawlers (D)
  A jumping spider (D)
  A merfolk (D)
  3 trolls (D)
  A tyrant leech (D)
  A wind drake (D)
  2 hippogriffs (D)
  A blink frog (D)
  3 hornets (D)
  A slime creature (D)
  A tarantella (D)
  A wyvern (D)
  2 redbacks (D)
  A water elemental (D)
  2 basilisks (D)
  A naga (D)
  An insubstantial wisp (D)
  2 water moccasins (D)
  2 porcupines (D)
  8 orc warriors (D)
  2 ice beasts (D)
  An ogre (D)
  2 centaurs (D)
  2 crocodiles (D)
  3 bullfrogs (D)
  2 crimson imps (D)
  A hound (D)
  4 orc priests (D)
  5 orc wizards (D)
  An adder zombie (D)
  An adder skeleton (D)
  A leopard gecko (D)
  16 orcs (D)
  A bat zombie (D)
  2 goblins (D)
  2 bats (D)
  A frilled lizard (D)
143 creatures vanquished.

Vanquished Creatures (collateral kills)
  2 naga warriors (D)
  An anaconda (D)
  A shock serpent (D)
  An orc knight (D)
  A gargoyle (D)
  A wyvern (D)
  An orc warrior (D)
  An orc priest (D)
  An orc (D)
  A leopard gecko zombie (D)
11 creatures vanquished.

Grand Total: 154 creatures vanquished

Notes
Turn   | Place    | Note
-------+----------+-------------------------------------------
     0 | D        | Cashmere the Troll Berserker began the quest for the Orb.
     0 | D        | Reached XP level 1. HP: 22/22 MP: 0/0
    14 | D        | Reached ** piety under Trog
    14 | D        | Reached skill level 1 in Throwing
    34 | D        | Noticed a hound
    34 | D        | Noticed a centaur
    41 | D        | Killed a hound
    41 | D        | Reached skill level 5 in Unarmed Combat
    41 | D        | Reached XP level 2. HP: 29/29 MP: 1/1
    41 | D        | Reached XP level 3. HP: 36/36 MP: 2/2
    43 | D        | Killed a centaur
    43 | D        | Reached *** piety under Trog
    43 | D        | Reached skill level 5 in Throwing
    43 | D        | Reached XP level 4. HP: 44/44 MP: 3/3
   110 | D        | Found a roughly hewn altar of Beogh.
   110 | D        | Found a snail-covered altar of Cheibriados.
   110 | D        | Found a shadowy altar of Dithmenos.
   110 | D        | Found a white marble altar of Elyvilon.
   110 | D        | Found a blossoming altar of Fedhas.
   110 | D        | Found an opulent altar of Gozag.
   111 | D        | Found a hazy altar of Hepliaklqana.
   112 | D        | Found a viscous altar of Jiyva.
   113 | D        | Found an ancient bone altar of Kikubaaqudgha.
   114 | D        | Found a corrupted altar of Lugonu.
   115 | D        | Found a burning altar of Makhleb.
   116 | D        | Found a sparkling altar of Nemelex Xobeh.
   117 | D        | Found an iron altar of Okawaru.
   118 | D        | Found a stormy altar of Qazlal.
   119 | D        | Found a sacrificial altar of Ru.
   120 | D        | Found a deep blue altar of Sif Muna.
   121 | D        | Found a bloodstained altar of Trog.
   122 | D        | Found a hide-covered altar of Uskayaw.
   123 | D        | Found a radiant altar of Vehumet.
   124 | D        | Found an ornate altar of the Wu Jian Council.
   125 | D        | Found a shimmering altar of Xom.
   126 | D        | Found a basalt altar of Yredelemnul.
   127 | D        | Found a glowing silver altar of Zin.
   128 | D        | Found a glowing golden altar of the Shining One.
   154 | D        | Noticed an ice beast
   154 | D        | Noticed a centaur
   154 | D        | Noticed a wyvern
   154 | D        | Noticed a gargoyle
   159 | D        | Killed an ice beast
   159 | D        | Reached **** piety under Trog
   159 | D        | Reached XP level 5. HP: 53/53 MP: 4/4
   169 | D        | Killed a centaur
   169 | D        | Reached XP level 6. HP: 62/62 MP: 5/5
   173 | D        | Killed a wyvern
   173 | D        | Reached skill level 10 in Unarmed Combat
   176 | D        | Received a gift from Trog
   178 | D        | Killed a gargoyle
   178 | D        | Reached skill level 5 in Fighting
   178 | D        | Reached skill level 5 in Dodging
   178 | D        | Reached XP level 7. HP: 32/72 MP: 6/6
   235 | D        | Noticed a troll
   235 | D        | Noticed a two-headed ogre
   235 | D        | Noticed a centaur warrior
   238 | D        | Killed a troll
   241 | D        | Killed a two-headed ogre
   241 | D        | Received a gift from Trog
   241 | D        | Reached XP level 8. HP: 84/84 MP: 7/7
   246 | D        | Received a gift from Trog
   249 | D        | Killed a centaur warrior
   249 | D        | Reached XP level 9. HP: 70/93 MP: 8/8
   250 | D        | Reached ***** piety under Trog
   417 | D        | Noticed a komodo dragon
   417 | D        | Noticed a komodo dragon
   420 | D        | Killed a komodo dragon
   422 | D        | Killed a komodo dragon
   422 | D        | Received a gift from Trog
   430 | D        | Received a gift from Trog
   440 | D        | Reached skill level 10 in Throwing
   495 | D        | Noticed a komodo dragon
   495 | D        | Noticed a spiny frog
   500 | D        | Killed a komodo dragon
   500 | D        | Reached skill level 15 in Unarmed Combat
   500 | D        | Reached XP level 10. HP: 106/106 MP: 9/9
   506 | D        | Killed a spiny frog
   509 | D        | Reached ****** piety under Trog
   520 | D        | Received a gift from Trog
   569 | D        | Noticed an elephant
   569 | D        | Noticed an elephant
   569 | D        | Noticed an elephant
   569 | D        | Noticed an elephant
   569 | D        | Noticed a dire elephant
   569 | D        | Noticed an elephant
   574 | D        | Killed an elephant
   574 | D        | Received a gift from Trog
   578 | D        | Killed an elephant
   583 | D        | Killed a dire elephant
   588 | D        | Killed an elephant
   593 | D        | Killed an elephant
   596 | D        | Killed an elephant
   596 | D        | Received a gift from Trog
   602 | D        | Noticed an elephant
   607 | D        | Killed an elephant
   607 | D        | Reached XP level 11. HP: 96/115 MP: 10/10
   610 | D        | Noticed a dire elephant
   623 | D        | Killed a dire elephant
   818 | D        | Noticed Joseph
   826 | D        | Killed Joseph
   929 | D        | Noticed an orc knight
   936 | D        | Killed an orc knight
   937 | D        | Received a gift from Trog
   938 | D        | Received a gift from Trog
   965 | D        | Received a gift from Trog
  1000 | D        | Noticed an orc knight
  1012 | D        | Killed an orc knight
  1013 | D        | Received a gift from Trog
  1016 | D        | Noticed an orc knight
  1027 | D        | Received a gift from Trog
  1027 | D        | Reached skill level 10 in Dodging
  1031 | D        | Killed an orc knight
  1031 | D        | Received a gift from Trog
  1074 | D        | Found Gefyw's General Store.
  1074 | D        | Noticed an orc sorcerer
  1074 | D        | Noticed an orc knight
  1074 | D        | Noticed an orc knight
  1080 | D        | Killed an orc sorcerer
  1085 | D        | Killed an orc knight
  1086 | D        | Found Xoetiuha's Armour Shoppe.
  1089 | D        | Killed an orc knight
  1090 | D        | Noticed an orc high priest
  1092 | D        | Received a gift from Trog
  1097 | D        | Noticed an orc high priest
  1097 | D        | Found Emac's Assorted Antiques.
  1103 | D        | Killed an orc high priest
  1104 | D        | Found Gaes's Jewellery Shoppe.
  1105 | D        | Killed an orc high priest
  1113 | D        | Received a gift from Trog
  1160 | D        | Bought a potion of curing for 42 gold pieces
  1160 | D        | Bought a scroll of enchant armour for 105 gold pieces
  1164 | D        | Bought a scroll labeled NIAZOIW HATO for 27 gold pieces
  1164 | D        | Bought a potion of heal wounds for 135 gold pieces
  1164 | D        | Bought a glowing brown potion for 24 gold pieces
  1164 | D        | Bought a lumpy red potion for 24 gold pieces
  1164 | D        | Bought a scroll labeled WYUSKI IBIMIX for 27 gold pieces
  1168 | D        | Bought a potion of might for 108 gold pieces
  1168 | D        | Bought a cloak for 121 gold pieces
  1168 | D        | Bought a potion of haste for 270 gold pieces
  1323 | D        | Noticed a brown ugly thing
  1328 | D        | Received a gift from Trog
  1329 | D        | Noticed an ogre mage
  1337 | D        | Killed a brown ugly thing
  1338 | D        | Received a gift from Trog
  1339 | D        | Noticed a vampire knight
  1345 | D        | Killed an ogre mage
  1345 | D        | Received a gift from Trog
  1345 | D        | Reached skill level 15 in Throwing
  1351 | D        | Noticed a tengu warrior
  1351 | D        | Killed a vampire knight
  1351 | D        | Received a gift from Trog
  1351 | D        | Reached XP level 12. HP: 116/124 MP: 11/11
  1354 | D        | Killed a tengu warrior
  1360 | D        | Noticed a deep troll earth mage
  1363 | D        | Killed a deep troll earth mage
  1380 | D        | Noticed an ettin
  1385 | D        | Noticed a fire giant
  1385 | D        | Killed an ettin
  1385 | D        | Reached skill level 1 in Armour
  1391 | D        | Noticed a centaur warrior
  1393 | D        | Killed a fire giant
  1393 | D        | Received a gift from Trog
  1398 | D        | Killed a centaur warrior
  1398 | D        | Received a gift from Trog
  1529 | D        | Noticed Saint Roka
  1544 | D        | Killed Saint Roka
  1683 | D        | Noticed Sonja
  1703 | D        | Killed Sonja
  1703 | D        | Received a gift from Trog
  1799 | D        | Noticed an alligator
  1799 | D        | Noticed an alligator
  1803 | D        | Killed an alligator
  1804 | D        | Killed an alligator
  1804 | D        | Received a gift from Trog
  1804 | D        | Reached XP level 13. HP: 129/132 MP: 12/12
  1972 | D        | Received a gift from Trog
  1976 | D        | Received a gift from Trog
  1999 | D        | Received a gift from Trog
  1999 | D        | Reached skill level 10 in Fighting
  2006 | D        | Received a gift from Trog
  2171 | D        | Received a gift from Trog
  2225 | D        | Noticed a merfolk javelineer
  2227 | D        | Received a gift from Trog
  2233 | D        | Noticed a merfolk impaler
  2234 | D        | Received a gift from Trog
  2234 | D        | Reached skill level 5 in Armour
  2237 | D        | Killed a merfolk javelineer
  2243 | D        | Received a gift from Trog
  2254 | D        | Killed a merfolk impaler
  2258 | D        | Received a gift from Trog
  2465 | D        | Noticed a stone giant
  2465 | D        | Noticed a fire giant
  2469 | D        | Received a gift from Trog
  2474 | D        | Noticed a tengu reaver
  2474 | D        | Received a gift from Trog
  2483 | D        | Killed a stone giant
  2489 | D        | Noticed an ettin
  2489 | D        | Killed a fire giant
  2502 | D        | HP: 2/135 [tengu reaver/battleaxe of chopping (9)]
  2502 | D        | Slain by a tengu reaver

Vault maps used:
D:        linesprint

Skill      XL: |  1  2  3  4  5  6  7  8  9 10 11 12 13 |
---------------+----------------------------------------+-----
Throwing       | 3 5 6 7 8 9 10 11 15 18 21 | 21.1
Unarmed Combat | 5 8 9 10 12 13 15 17 19 20 21 | 21.9
Fighting       | 3 4 5 6 7 8 9 10 | 10.6
Dodging        | 3 4 5 6 7 8 9 10 | 10.1
Armour         | 2 7 |  7.1

Action                   |  1- 3 |  4- 6 |  7- 9 | 10-12 | 13-15 || total
-------------------------+-------+-------+-------+-------+-------++-------
Melee: Unarmed           |    24 |    17 |    36 |   112 |    98 ||   287
       Punch             |       |     1 |     3 |     9 |     8 ||    21
Throw: Javelin           |       |       |     1 |   119 |    10 ||   130
       Large rock        |       |       |       |       |    13 ||    13
Invok: Berserk           |     1 |     1 |     3 |     3 |     3 ||    11
       Brothers in Arms  |       |     1 |       |     1 |     1 ||     3
       Trog's Hand       |       |       |       |       |     1 ||     1
  Use: Potion            |       |       |       |     1 |       ||     1
  Eat: Chunk             |     3 |     1 |    10 |    16 |     5 ||    35
Armor: Animal skin       |     7 |     2 |     4 |     4 |       ||    17
       Shadow dragon sca |       |       |       |     7 |    57 ||    64
Dodge: Dodged            |    12 |     9 |    12 |    55 |    48 ||   136

Table legend:
 A = Spawn XP
 B = Non-spawn XP
 C = Spawn XP percentage of total XP
 D = Spawn monster count
 E = Non-spawn monster count
 F = Spawn count percentage of total count
 G = Total turns spent on level
                    A         B        C        D         E        F      G
               +---------+---------+-------+---------+---------+-------+---------
         Total |       0 |   63090 |   0.0 |       0 |     154 |   0.0 |  2502
               +---------+---------+-------+---------+---------+-------+---------
             D |       0 |   63090 |   0.0 |       0 |     154 |   0.0 |  2502
               +---------+---------+-------+---------+---------+-------+---------
